 Dungeon Crawl Stone Soup version 0.29.1-1-gd02db6906a (webtiles) character file.

Game seed: 9535222294549491674

9191 Kahsius the Fighter (level 11, -8/101 HPs)
             Began as a Grey Draconian Transmuter on Sept 20, 2022.
             Was a Believer of Wu Jian.
             Killed from afar by a starcursed mass (11 damage)
             ... with an accursed screaming
             ... on level 1 of the Abyss.
             The game lasted 00:35:23 (11397 turns).

Kahsius the Fighter (Grey Draconian Transmuter)    Turns: 11397, Time: 00:35:23

Health: -8/101     AC: 14    Str: 17    XL:     11   Next: 19%
Magic:  22/22      EV: 16    Int: 13    God:    Wu Jian [**....]
Gold:   669        SH:  0    Dex: 12    Spells: 22/25 levels left

rFire   . . .      SeeInvis .     - Unarmed
rCold   . . .      Faith    .   t - orb {*channel}
rNeg    . . .      Spirit   .   (body armour unavailable)
rPois   +          Reflect  .   (helmet restricted)
rElec   .          Harm     .   Q - +0 cloak
rCorr   .          Rampage  .   C - +0 pair of gloves
Will    .....                   (no boots)
Stlth   +.........              d - amulet of the acrobat
HPRegen 0.26/turn               v - +4 ring of evasion
MPRegen 0.18/turn               G - ring of poison resistance

@: wereblooded, hasted, very quick
A: AC +12, amphibious, unfitting armour, cold-blooded
a: Renounce Religion, Wall Jump


You were on level 1 of the Abyss.
You worshipped Wu Jian.
Wu Jian was pleased with you.
You visited 2 branches of the dungeon, and saw 10 of its levels.
You visited the Abyss 1 time.
You also visited: Ossuary and Bailey.

You collected 669 gold pieces.

Inventory:

Missiles
 H - 6 throwing nets
Armour
 t - an orb of energy (worn)
 C - a +0 pair of gloves (worn)
 Q - a +0 cloak (worn)
Jewellery
 d - an amulet of the acrobat (around neck)
 f - an amulet of faith
 q - a ring of protection from cold
 v - a +4 ring of evasion (left hand)
 B - an amulet of reflection
 G - a ring of poison resistance (right hand)
 R - a ring of protection from cold
Wands
 u - a wand of flame (26)
 I - a wand of paralysis (24)
 M - a wand of roots (9)
 N - a wand of digging (2)
 O - a wand of polymorph (8)
Scrolls
 e - 3 scrolls of blinking
 i - a scroll of immolation {unknown}
 k - 3 scrolls of enchant armour
 l - 3 scrolls of teleportation
 o - 4 scrolls of butterflies
 s - a scroll of amnesia {unknown}
 w - a scroll of magic mapping {unknown}
 x - 3 scrolls of fear {unknown}
 y - a scroll of poison {unknown}
 A - 5 scrolls of enchant weapon {unknown}
 E - a scroll of summoning {unknown}
 F - 4 scrolls of identify
 P - a scroll of noise {unknown}
Potions
 a - 4 potions of lignification
 b - 3 potions of heal wounds
 c - 4 potions of curing
 g - a potion of ambrosia
 h - 3 potions of degeneration
 j - 2 potions of flight
 m - a potion of berserk rage
 n - 2 potions of haste
 p - 4 potions of magic
 r - 2 potions of cancellation
 z - 6 potions of brilliance
 D - 2 potions of attraction
 J - 2 potions of mutation {unknown}
 K - a potion of invisibility {unknown}
 L - a potion of resistance {unknown}


   Skills:
 * Level 10.5 Fighting
 - Level 1.7 Dodging
 * Level 10.1 Unarmed Combat
 + Level 7.6 Spellcasting
 + Level 8.3 Transmutations


You had 22 spell levels left.
You knew the following spells:

 Your Spells              Type           Power      Damage    Failure   Level
a - Beastly Appendage     Tmut           52%        N/A       1%          1
b - Wereblood             Tmut           26%        N/A       1%          2

Your spell library contained the following spells:

 Spells                   Type           Power      Damage    Failure   Level
 Spider Form              Tmut/Pois      15%        N/A       8%          3
 Foxfire                  Conj/Fire      16%        2x1d4     14%         1
 Summon Small Mammal      Summ           16%        N/A       14%         1
 Sublimation of Blood     Necr           4%         N/A       22%         2
 Ice Form                 Ice/Tmut       15%        N/A       26%         4
 Call Canine Familiar     Summ           4%         N/A       41%         3
 Conjure Flame            Conj/Fire      4%         6-21      41%         3
 Inner Flame              Hex/Fire       4%         N/A       41%         3
 Summon Guardian Golem    Hex/Summ       4%         N/A       41%         3
 Flame Wave               Conj/Fire      4%         2d5       82%         4
 Summon Hydra             Summ           2%         N/A       100%        7


Dungeon Overview and Level Annotations

Branches:
Dungeon (9/15)             Temple (1/1) D:5         Ossuary (visited)
 Bailey (visited)
   Lair: D:8-11         Orc: D:9-12

Altars:
Ashenzari
Cheibriados
Dithmenos
Elyvilon
Fedhas
Gozag
Hepliaklqana
Kikubaaqudgha
Makhleb
Nemelex Xobeh
Okawaru
Qazlal
Ru
Sif Muna
Trog
Uskayaw
Vehumet
Wu Jian
Xom
Yredelemnul
Zin
The Shining One

Annotations:
D:6 2 transporters, Rayvis's ghost, novice DsGl
D:9 Psyche


Innate Abilities, Weirdness & Mutations

Your dull iron-grey scales are very hard. (AC +12)
You are amphibious.
You cannot fit into any form of body armour.
You are cold-blooded and may be slowed by cold attacks.


Message History

The starcursed mass closely misses you. A chorus of shrieks assaults your mind.
* * * LOW HITPOINT WARNING * * *
You punch the starcursed mass!
The starcursed mass is heavily damaged.
The starcursed mass shudders and withdraws towards its neighbour.
You lunge at the starcursed mass.
You hit the starcursed mass.
You feel a bit better.
You destroy the starcursed mass!
The Council accepts your kill.
You hit the starcursed mass.
The starcursed mass is lightly damaged.
The starcursed mass shudders and withdraws towards its neighbour.
You howl as the wereblood boils in your veins!
You lunge at the starcursed mass.
You punch the starcursed mass!
You tail-slap the starcursed mass, but do no damage.
The starcursed mass is severely damaged.
The starcursed mass shudders and withdraws towards its neighbour.
A chorus of shrieks assaults your mind.
* * * LOW HITPOINT WARNING * * *
You lunge at the starcursed mass.
You hit the starcursed mass but do no damage.
The starcursed mass is severely damaged.
The starcursed mass closely misses you.
You hit the starcursed mass.
You tail-slap the starcursed mass, but do no damage.
The starcursed mass is almost destroyed.
The starcursed mass shudders and is absorbed by its neighbour.
You howl as the wereblood boils in your veins!
The starcursed mass misses you.
You hit the starcursed mass.
You tail-slap the starcursed mass, but do no damage.
The starcursed mass is heavily damaged.
The starcursed mass shudders and is absorbed by its neighbour.
The starcursed mass barely misses you.
You hit the starcursed mass.
The starcursed mass is heavily damaged.
The starcursed mass shudders and is absorbed by its neighbour.
A chorus of shrieks assaults your mind.
You die...

.. #. ..# .. # #
#.###. # ..#.. #
.#.#.#.## . .
.#....### . .
....XXX@###### .
..
.........##.....#
..........########
. ..#.#... ..
.....#..### . ...#
# . ..... # ..####
. ..


You could see 3 starcursed masses.

Vanquished Creatures
  Harold (D:9)
  3 two-headed ogres
  A deep elf pyromancer (D:9)
  Maggie (D:9)
  A troll (D:9)
  5 spriggans (Bailey)
  3 yaks (D:8)
  A wyvern (D:7)
  2 steam dragons
  2 orc warriors
  3 water moccasins
  Duvessa (D:4)
  A sky beast (D:6)
  8 ogres
  2 phantoms
  3 kobold brigands
  A gnoll sergeant (D:9)
  2 bullfrogs
  A necrophage (D:6)
  10 scorpions
  9 wights
  Dowan (D:4)
  3 killer bees (D:9)
  A howler monkey (D:6)
  2 starcursed masses (Abyss:1)
  2 centaur zombies (Ossuary)
  4 hounds
  4 jellies
  2 orc priests (D:7)
  6 iguanas
  6 scorpion zombies (Ossuary)
  5 orc wizards
  3 mummies (Ossuary)
  8 gnolls
  7 adders
  A shadow imp (D:6)
  A white imp (D:8)
  2 ufetubi (D:6)
  2 worms
  28 orcs
  8 ball pythons
  5 endoplasms
  3 giant cockroaches
  8 goblins
  8 hobgoblins
  22 kobolds
  3 quokkas
  4 bats
  A gnoll zombie (Ossuary)
  2 goblin zombies (Ossuary)
  4 hobgoblin zombies (Ossuary)
  4 kobold zombies (Ossuary)
  4 orc zombies (Ossuary)
  6 rats
231 creatures vanquished.

Vanquished Creatures (others)
  4 fungi (D:6)
  2 plants (D:6)
6 creatures vanquished.

Grand Total: 237 creatures vanquished

Notes
Turn   | Place    | Note
-------+----------+-------------------------------------------
     0 | D:1      | Kahsius the Draconian Transmuter began the quest for the
                  | Orb.
     0 | D:1      | Reached XP level 1. HP: 16/16 MP: 3/3
   154 | D:1      | Reached XP level 2. HP: 21/23 MP: 1/5
   934 | D:1      | Reached XP level 3. HP: 26/29 MP: 4/6
  1706 | D:3      | Identified the +0 cloak of Courage {Int+4 Slay-3}
  1789 | D:3      | Reached XP level 4. HP: 29/37 MP: 6/8
  2107 | D:3      | Found a faded altar of an unknown god.
  2287 | D:3      | Reached XP level 5. HP: 42/42 MP: 7/9
  2539 | D:4      | Noticed Dowan
  2540 | D:4      | Noticed Duvessa
  2569 | D:4      | Noticed a phantom
  2584 | D:4      | Killed a phantom
  2834 | D:4      | You fall into a shaft and drop 2 floors!
  2834 | D:6      | Found a sand-covered staircase.
  2838 | Ossuary  | Entered an ossuary
  2889 | Ossuary  | Reached XP level 6. HP: 48/51 MP: 8/10
  3435 | Ossuary  | Your scales start taking on a dull iron-grey colour.
  3435 | Ossuary  | Reached XP level 7. HP: 43/59 MP: 12/12
  3479 | Ossuary  | Learned a level 2 spell: Wereblood
  3706 | Ossuary  | Reached skill level 5 in Unarmed Combat
  3808 | Ossuary  | Reached skill level 5 in Fighting
  4035 | D:5      | Entered Level 5 of the Dungeon
  4104 | D:5      | Reached skill level 5 in Transmutations
  4104 | D:5      | Reached XP level 8. HP: 68/68 MP: 12/14
  4322 | D:5      | Found a staircase to the Ecumenical Temple.
  4340 | Temple   | Entered the Ecumenical Temple
  4543 | Temple   | Became a worshipper of the Wu Jian Council
  4720 | D:5      | Reached skill level 5 in Spellcasting
  5084 | D:4      | Killed Duvessa
  5371 | D:4      | Killed Dowan
  5958 | D:6      | Found a transporter.
  5959 | D:6      | Found a transporter.
  5959 | D:6      | Noticed Rayvis's ghost (novice DsGl)
  5965 | D:6      | Noticed a queen bee
  5999 | D:6      | Reached XP level 9. HP: 78/78 MP: 17/17
  6051 | D:6      | Found a blossoming altar of Fedhas.
  6077 | D:6      | Reached * piety under Wu Jian
  7493 | D:7      | Found an opulent altar of Gozag.
  8000 | D:8      | Found a flagged portal.
  8011 | Bailey   | Entered a bailey
  8309 | Bailey   | Noticed a two-headed ogre
  8316 | Bailey   | Killed a two-headed ogre
  8317 | Bailey   | Reached XP level 10. HP: 69/90 MP: 19/19
  8815 | D:8      | Reached ** piety under Wu Jian
  9213 | D:8      | Noticed a two-headed ogre
  9226 | D:8      | Killed a two-headed ogre
 10266 | D:9      | Noticed a two-headed ogre
 10283 | D:9      | Killed a two-headed ogre
 10284 | D:9      | Reached skill level 10 in Fighting
 10595 | D:9      | Noticed Harold
 10618 | D:9      | Killed Harold
 10619 | D:9      | Reached XP level 11. HP: 49/100 MP: 22/22
 10890 | D:9      | Noticed a deep elf pyromancer
 10952 | D:9      | Noticed Maggie
 10976 | D:9      | Killed Maggie
 11274 | D:9      | Reached skill level 10 in Unarmed Combat
 11283 | D:9      | Killed a deep elf pyromancer
 11325 | D:9      | Noticed Psyche
 11335 | Abyss:1  | Cast into level 1 of the Abyss (Psyche)
 11356 | Abyss:1  | Noticed a sun demon
 11359 | Abyss:1  | Noticed a starcursed mass
 11391 | Abyss:1  | HP: 2/101 [starcursed mass/accursed screaming (9)]
 11397 | Abyss:1  | Killed from afar by a starcursed mass

Illustrated notes

Levels and vault maps discovered:
D:1:      minmay_arrival_loop, layout_loops_ring, minivault_24
D:2:      layout_basic, serial_park_tiny_1, minmay_tetromino_l2
D:3:      layout_rooms, hellmonk_ecumenical_altar_heavens_door,
          hangedman_feature_mirror, chequers_serial_rivers_micro_a,
          eino_tiny_chamber, nicolae_elevator_lobby_plus
D:4:      dreamdust_elfheim, layout_basic
D:5:      layout_rooms, minmay_temple_entry_purple_smoke,
          kennysheep_small_square
D:6:      minmay_angry_zag, layout_basic, fedhas_altar_3, enter_ossuary_1,
          gammafunk_ghost_hive, kennysheep_minor_cross
D:7:      layout_loops_cross, nicolae_gozag_seed_capital, minmay_misc_feat_five,
          uniq_duvessa
D:8:      nicolae_cairo_tiling_large, layout_gridville, enter_bailey_3
D:9:      layout_irregular_city, dk_noncrumbling_4, grunt_ministairs_7,
          uniq_harold, uniq_psyche, uniq_maggie
Temple:   mainiacjoe_temple_cubbyholes
Abyss:1:  base:
D:2

Skill      XL: |  1  2  3  4  5  6  7  8  9 10 11 |
---------------+----------------------------------+-----
Fighting       | 2 3 4 5 6 8 10 | 10.5
Transmutations | 3 4 5 6 7 8 |  8.3
Unarmed Combat | 4 5 6 8 9 10 | 10.1
Spellcasting   | 3 4 5 6 7 |  7.6
Dodging        | |  1.7

Action                   |  1- 3 |  4- 6 |  7- 9 | 10-12 || total
-------------------------+-------+-------+-------+-------++-------
Melee: Unarmed           |    84 |   161 |   360 |   289 ||   894
       Kick              |    17 |    52 |   113 |    75 ||   257
       Headbutt          |     6 |    23 |    75 |    39 ||   143
       Tailslap          |     7 |    24 |    52 |    43 ||   126
       Punch             |     3 |     1 |       |       ||     4
 Cast: Beastly Appendage |    30 |    19 |    45 |    20 ||   114
       Wereblood         |       |       |     1 |     1 ||     2
Invok: Lunge             |       |       |    23 |    19 ||    42
       Whirlwind         |       |       |     4 |    41 ||    45
 Abil: Wall Jump         |       |       |       |     1 ||     1
  Use: Potion            |       |     1 |     1 |     7 ||     9
       Scroll            |       |       |    13 |     1 ||    14
 Stab: Sleeping          |       |       |     1 |       ||     1
Armor: Skin              |    12 |    48 |    87 |    73 ||   220
Dodge: Dodged            |    60 |    96 |   210 |   164 ||   530
